[Event "ICC tourney 2049 (75 10)"]
[Site "Internet Chess Club"]
[Date "2020.10.10"]
[Round "4"]
[White "WayTooRighteous"]
[Black "RG2017"]
[Result "1/2-1/2"]
[ICCResult "Game drawn because neither player has mating material"]
[WhiteElo "2110"]
[BlackElo "1968"]
[Opening "Queen's pawn, Mason variation"]
[ECO "D00"]
[NIC "QP.08"]
[Time "18:32:39"]
[TimeControl "4500+10"]

1. d4 d5 2. Bf4 Nf6 3. e3 e6 4. Bd3 c5 5. c3 Bd6 6. Nf3 Nc6 7. O-O O-O 8.
Nbd2 Bxf4 9. exf4 Qb6 10. dxc5 Qxc5 11. Qe2 a5 12. Ne5 a4 13. Ndf3 Re8 14.
Ng5 Re7 15. Rad1 g6 16. h4 Nh5 17. Nxh7 Nxf4 18. Qd2 Kxh7 19. Qxf4 Nxe5 20.
Qxe5 Qc7 21. Qf6 e5 22. h5 e4 23. Be2 Qe5 24. hxg6+ fxg6 25. Qxe5 Rxe5 26.
Rd4 Bd7 27. Rfd1 Bc6 28. a3 b5 29. g3 Kg7 30. Kg2 Kf6 31. Rh1 Kg7 32. Bg4
Rh8 33. Rxh8 Kxh8 34. Kf1 Kg7 35. Ke2 Kf6 36. Ke3 Re7 37. Rd1 Ke5 38. Rh1
Bd7 39. Be2 Kd6 40. Rh6 Re6 41. Rh7 Rf6 42. Rh8 Bc6 43. Bg4 Rf7 44. Rd8+ Kc7
45. Rc8+ Kd6 46. Rd8+ Kc7 47. Rg8 Rf6 48. Rg7+ Kd6 49. Kd4 Be8 50. Ke3 Bc6
51. Kd4 Be8 52. Rg8 Bc6 53. Rd8+ Kc7 54. Rc8+ Kd6 55. Ke3 Rf7 56. Be2 Rf6
57. Rg8 Bd7 58. g4 Kc5 59. g5 Rd6 60. Rb8 Bc6 61. Rf8 Rd7 62. Rf6 Rg7 63.
Bg4 Be8 64. Be2 Bc6 65. Kf4 Bd7 66. Ke5 Re7+ 67. Kf4 Rg7 68. f3 Bf5 69. Rf8
Re7 70. Rb8 Bd7 71. Rb7 Rf7+ 72. Ke3 exf3 73. Bxf3 Re7+ 74. Kf4 Rf7+ 75. Ke3
Re7+ 76. Kd2 Rf7 77. Be2 Rh7 78. Bd3 Rh2+ 79. Kc1 Rh1+ 80. Kc2 Rh2+ 81. Kb1
Bf5 82. Bxf5 gxf5 83. Rf7 Rf2 84. g6 Rg2 85. g7 f4 86. Kc1 f3 87. Kd1 Kc4
88. Rb7 Kd3 89. Ke1 Kc4 90. Kf1 Kc5 91. Rf7 Kc4 92. Rb7 Kc5 93. Ke1 Re2+ 94.
Kd1 Rg2 95. Rf7 Kc4 96. Rf4+ Kc5 97. Rf7 Kc4 98. Rc7+ Kd3 99. Ke1 Kc2 100.
Rc5 Kxb2 101. Rxd5 Kxc3 102. Rxb5 Rxg7 103. Rb4 Re7+ 104. Kf2 Re2+ 105. Kxf3
Ra2 106. Rxa4 Kb3 107. Rb4+ Kxa3 108. Rb7 Rb2 109. Rxb2 Kxb2
{Game drawn because neither player has mating material}
1/2-1/2

[Event "ICC tourney 2049 (75 10)"]
[Site "Internet Chess Club"]
[Date "2020.10.11"]
[Round "5"]
[White "rockinroll"]
[Black "DanielA1926"]
[Result "1-0"]
[ICCResult "Black resigns"]
[WhiteElo "1809"]
[BlackElo "1519"]
[Opening "Réti opening"]
[ECO "A04"]
[NIC "QP.11"]
[Time "11:06:00"]
[TimeControl "4500+10"]

1. Nf3 g6 2. g3 Bg7 3. Bg2 Nf6 4. c4 O-O 5. O-O c5 6. e3 Nc6 7. d4 cxd4 8.
exd4 d5 9. Ne5 Nxe5 10. dxe5 Ng4 11. Qxd5 Qxd5 12. Bxd5 Nxe5 13. f4 Nc6 14.
Nc3 e6 15. Bg2 Na5 16. c5 Bd4+ 17. Kh1 Bg7 18. Rb1 Bd7 19. b4 Bxc3 20. bxa5
Bc6 21. Ba3 Bxg2+ 22. Kxg2 Rfd8 23. Rxb7 Bxa5 24. Rf2 a6 25. Rc2 Rac8 26. c6
Rd2+ 27. Rxd2 Bxd2 28. c7 Ba5 29. Rb8 {Black resigns} 1-0

[Event "ICC tourney 2049 (75 10)"]
[Site "Internet Chess Club"]
[Date "2020.10.11"]
[Round "5"]
[White "sirking2800"]
[Black "kaspanama0375"]
[Result "1-0"]
[ICCResult "Black resigns"]
[WhiteElo "2008"]
[BlackElo "1853"]
[Opening "Sicilian: dragon variation"]
[ECO "B70"]
[NIC "SI.15"]
[Time "11:06:09"]
[TimeControl "4500+10"]

1. e4 c5 2. Nf3 d6 3. d4 cxd4 4. Nxd4 Nf6 5. Nc3 g6 6. Bc4 Bg7 7. Bb3 a6 8.
f3 b5 9. Be3 Bb7 10. Qd2 h5 11. a3 Nbd7 12. Ba2 Rc8 13. Rd1 Ne5 14. O-O Nc4
15. Bxc4 Rxc4 16. Rfe1 O-O 17. Bh6 Qb6 18. Bxg7 Kxg7 19. Qe3 Kh7 20. Kh1 b4
21. Ne6 Qxe3 22. Nxf8+ Kg7 23. Rxe3 bxc3 24. Nxg6 fxg6 25. Rxc3 Rxc3 26.
bxc3 Nd7 27. Rb1 Nc5 28. Kg1 Kf6 29. Kf2 Bc6 30. Ke3 Ke5 31. h3 g5 32. h4 g4
33. Rb6 Bb5 34. Rb8 Nd7 35. Rh8 Nf6 36. f4+ Ke6 37. Kd4 Ba4 38. e5 dxe5+ 39.
fxe5 Nd7 40. Rxh5 Bxc2 41. Rh6+ Kf5 42. Rxa6 Kf4 43. Re6 Nf8 44. Rxe7 Ng6
45. Rf7+ Kg3 46. h5 Nh4 47. e6 Bb3 48. Rf6 Kxg2 49. e7 Ba4 50. h6 Nf3+ 51.
Kc5 Ng5 52. Rg6 Ne4+ 53. Kd4 g3 54. h7 {Black resigns} 1-0

[Event "ICC tourney 2049 (75 10)"]
[Site "Internet Chess Club"]
[Date "2020.10.11"]
[Round "5"]
[White "OctopusYule"]
[Black "abi2009"]
[Result "1-0"]
[ICCResult "Black resigns"]
[WhiteElo "1838"]
[BlackElo "1721"]
[Opening "Ruy Lopez: old Steinitz defense"]
[ECO "C62"]
[NIC "RL.02"]
[Time "11:06:00"]
[TimeControl "4500+10"]

1. e4 e5 2. Nf3 Nc6 3. Bb5 d6 4. d4 exd4 5. Nxd4 Bd7 6. Nxc6 bxc6 7. Bc4 Nf6
8. Nc3 g6 9. O-O Bg7 10. Bg5 O-O 11. e5 Bg4 12. f3 dxe5 13. Qxd8 Raxd8 14.
fxg4 Rd4 15. Bxf6 Rxc4 16. Bxg7 Kxg7 17. h3 Rd8 18. Rad1 Rdd4 19. a3 c5 20.
Rf2 e4 21. Re1 c6 22. Rf4 e3 23. Rf3 Rd2 24. Rfxe3 Rxc2 25. R3e2 {Black
resigns} 1-0

[Event "ICC tourney 2049 (75 10)"]
[Site "Internet Chess Club"]
[Date "2020.10.11"]
[Round "5"]
[White "ryanwang"]
[Black "Elieman"]
[Result "1-0"]
[ICCResult "Black checkmated"]
[WhiteElo "1859"]
[BlackElo "2040"]
[Opening "Ruy Lopez: fianchetto (Smyslov/Barnes) defense"]
[ECO "C60"]
[NIC "RL.03"]
[Time "11:06:02"]
[TimeControl "4500+10"]

1. e4 e5 2. Nf3 Nc6 3. Bb5 g6 4. O-O Bg7 5. c3 a6 6. Ba4 Nge7 7. d4 exd4 8.
cxd4 O-O 9. d5 Na5 10. Nbd2 d6 11. Rb1 f5 12. b4 fxe4 13. Ng5 Nxd5 14. Ndxe4
c6 15. bxa5 Bf5 16. Rxb7 h6 17. Bxc6 Ne7 18. Bd5+ Kh8 19. Ne6 Qxa5 20. Rxe7
Rfe8 21. Rxe8+ Rxe8 22. Nxg7 Kxg7 23. Qd4+ Re5 24. f4 Qxd5 25. Qa7+ Kf8 26.
fxe5 Qxe4 27. exd6 Qc6 28. Bxh6+ Ke8 29. Qe7# {Black checkmated} 1-0

[Event "ICC tourney 2049 (75 10)"]
[Site "Internet Chess Club"]
[Date "2020.10.11"]
[Round "5"]
[White "Heliosis"]
[Black "investigator"]
[Result "0-1"]
[ICCResult "White resigns"]
[WhiteElo "1860"]
[BlackElo "2108"]
[Opening "Pirc: classical, h3 system"]
[ECO "B08"]
[NIC "PU.10"]
[Time "11:08:57"]
[TimeControl "4500+10"]

1. e4 d6 2. d4 Nf6 3. Nc3 g6 4. Nf3 Bg7 5. h3 O-O 6. Be3 a6 7. a4 Nc6 8. Be2
e5 9. Qd2 Re8 10. d5 Nd4 11. Nxd4 exd4 12. Bxd4 Nxe4 13. Nxe4 Rxe4 14. Bxg7
Kxg7 15. O-O Qf6 16. c3 Bd7 17. b4 a5 18. b5 Rae8 19. Bd3 R4e5 20. c4 b6 21.
Rfe1 Qh4 22. Rxe5 Rxe5 23. Re1 Qd4 24. Rxe5 dxe5 25. Qe3 Qxe3 26. fxe3 Kf6
27. Kf2 Ke7 28. Ke2 f5 29. e4 f4 30. Kf2 Kd6 31. Be2 Kc5 32. Kf3 Kb4 33. g3
g5 34. Kg2 Kxa4 35. c5 bxc5 36. d6 cxd6 37. b6 Bc8 38. Bc4 Kb4 39. Bd5 c4
40. Be6 Ba6 {White resigns} 0-1

[Event "ICC tourney 2049 (75 10)"]
[Site "Internet Chess Club"]
[Date "2020.10.11"]
[Round "5"]
[White "Slivovitz"]
[Black "arya2"]
[Result "1/2-1/2"]
[ICCResult "Game drawn by mutual agreement"]
[WhiteElo "2098"]
[BlackElo "2006"]
[Opening "Réti: King's Indian attack (Barcza system)"]
[ECO "A07"]
[NIC "QP.09"]
[Time "11:06:09"]
[TimeControl "4500+10"]

1. Nf3 d5 2. g3 Nf6 3. Bg2 Bg4 4. h3 Bh5 5. c4 c6 6. cxd5 cxd5 7. Qb3 Qb6 8.
Qxb6 axb6 9. Nc3 e6 10. O-O Be7 11. d3 h6 12. Bd2 O-O 13. a3 Nc6 14. Rac1
Rfc8 15. Nb5 Nd7 16. Nbd4 Nxd4 17. Nxd4 Bf6 18. e3 Bxd4 19. exd4 Bg6 20.
Rfd1 {Game drawn by mutual agreement} 1/2-1/2

[Event "ICC tourney 2049 (75 10)"]
[Site "Internet Chess Club"]
[Date "2020.10.11"]
[Round "5"]
[White "Arsalchess"]
[Black "jairam09"]
[Result "1-0"]
[ICCResult "Black resigns"]
[WhiteElo "1936"]
[BlackElo "1799"]
[Opening "Caro-Kann: Tartakower (fantasy) variation"]
[ECO "B12"]
[NIC "CK.02"]
[Time "11:06:23"]
[TimeControl "4500+10"]

1. e4 c6 2. d4 d5 3. f3 e6 4. Nc3 Bb4 5. Bf4 Nf6 6. Qd3 Qa5 7. Ne2 O-O 8.
O-O-O Qd8 9. a3 Be7 10. g4 b5 11. h4 Nfd7 12. exd5 exd5 13. Ng3 a5 14. Nf5
b4 15. Nxe7+ Qxe7 16. Nb1 bxa3 17. Nxa3 Na6 18. c3 Nb6 19. Qc2 c5 20. Bxa6
Bxa6 21. Rhe1 Qf6 22. Bg5 Qc6 23. dxc5 Nd7 24. Qf5 Bb7 25. Kb1 Nxc5 26. Be7
Rfe8 27. c4 Qc7 28. Nb5 {Black resigns} 1-0

[Event "ICC tourney 2049 (75 10)"]
[Site "Internet Chess Club"]
[Date "2020.10.11"]
[Round "5"]
[White "Danifrani"]
[Black "HR2005"]
[Result "0-1"]
[ICCResult "White resigns"]
[WhiteElo "2056"]
[BlackElo "2030"]
[Opening "Sicilian: Sozin with ...a6 and ...b5"]
[ECO "B87"]
[NIC "SI.13"]
[Time "11:06:45"]
[TimeControl "4500+10"]

1. e4 c5 2. Nf3 d6 3. d4 cxd4 4. Nxd4 Nf6 5. Nc3 a6 6. Bc4 e6 7. Bb3 b5 8.
Bg5 Be7 9. Qf3 Qc7 10. O-O-O Nbd7 11. e5 Bb7 12. Qg3 Nh5 13. Qh4 dxe5 14.
Nxe6 fxe6 15. Bxe7 Nf4 16. Bg5 b4 17. Bxf4 bxc3 18. Bxe6 cxb2+ 19. Kb1 Nc5
20. Bxe5 Qxe5 21. Rhe1 Ne4 22. Rxe4 Qxe4 23. Bg4 O-O {White resigns} 0-1

[Event "ICC tourney 2049 (75 10)"]
[Site "Internet Chess Club"]
[Date "2020.10.11"]
[Round "5"]
[White "kralj8"]
[Black "Randomdude21"]
[Result "1-0"]
[ICCResult "Black checkmated"]
[WhiteElo "1915"]
[BlackElo "1745"]
[Opening "Ruy Lopez: Morphy defense"]
[ECO "C77"]
[NIC "RL.12"]
[Time "11:06:02"]
[TimeControl "4500+10"]

1. e4 e5 2. Nf3 Nc6 3. Bb5 a6 4. Ba4 Nf6 5. d4 exd4 6. O-O b5 7. Bb3 Be7 8.
e5 Ng4 9. Re1 d6 10. Bd5 Bb7 11. Nxd4 Ngxe5 12. f4 Nxd4 13. Bxb7 Nec6 14.
Bxa8 Qxa8 15. Nc3 O-O 16. Rxe7 Nxe7 17. Qxd4 Nf5 18. Qd5 Qa7+ 19. Kh1 Qf2
20. Bd2 Nd4 21. Ne4 Qe2 22. Qxd4 Re8 23. Re1 c5 24. Rxe2 cxd4 25. Nf6+ gxf6
26. Rxe8+ Kg7 27. Rd8 d3 28. cxd3 b4 29. Rxd6 a5 30. Ra6 b3 31. axb3 a4 32.
bxa4 f5 33. Bc3+ Kf8 34. Bf6 Ke8 35. Rd6 h5 36. Rd8# {Black checkmated} 1-0

[Event "ICC tourney 2049 (75 10)"]
[Site "Internet Chess Club"]
[Date "2020.10.11"]
[Round "5"]
[White "Yooper"]
[Black "IndianTerritory"]
[Result "1/2-1/2"]
[ICCResult "Game drawn by repetition"]
[WhiteElo "2020"]
[BlackElo "2073"]
[Opening "Caro-Kann: Panov-Botvinnik attack"]
[ECO "B13"]
[NIC "CK.03"]
[Time "11:06:04"]
[TimeControl "4500+10"]

1. c4 c6 2. e4 d5 3. exd5 cxd5 4. d4 Nf6 5. Nc3 Nc6 6. Bg5 dxc4 7. Nf3 Bg4
8. Bxc4 Bxf3 9. Qxf3 Qxd4 10. Bb5 Qe5+ 11. Be3 Rc8 12. O-O e6 13. Bxa7 Be7
14. Rfe1 Qc7 15. Rac1 O-O 16. Be3 Bd6 17. h3 Be5 18. Red1 Qa5 19. Bxc6 Rxc6
20. Bd4 Bxd4 21. Rxd4 Nd5 22. a3 Rfc8 23. Rcd1 Nxc3 24. bxc3 f6 25. Rd7 Qe5
26. Qg4 f5 27. Rd8+ Rxd8 28. Rxd8+ Kf7 29. Qh5+ Ke7 30. Re8+ Kd6 31. Qd1+
Kc5 32. g3 Qxc3 33. Qb1 b6 34. a4 Kd5 35. Qb5+ Kd6 36. Qe2 Kd7 37. Ra8 Qd4
38. Qb5 Qd1+ 39. Kh2 Qd2 40. Kg1 Qe1+ 41. Kg2 Qe4+ 42. Kh2 Qd4 43. Kg1 Qd1+
44. Kh2 Qd4 45. Kg1 Qd1+ {Game drawn by repetition} 1/2-1/2

[Event "ICC tourney 2049 (75 10)"]
[Site "Internet Chess Club"]
[Date "2020.10.11"]
[Round "5"]
[White "Baseballchamp"]
[Black "kapilank"]
[Result "1/2-1/2"]
[ICCResult "Game drawn by mutual agreement"]
[WhiteElo "2000"]
[BlackElo "1825"]
[Opening "Sicilian: Alapin's variation (2.c3)"]
[ECO "B22"]
[NIC "SI.46"]
[Time "11:06:16"]
[TimeControl "4500+10"]

1. e4 c5 2. c3 Nf6 3. e5 Nd5 4. Nf3 d6 5. Bc4 Nb6 6. Bb3 Bg4 7. Bxf7+ Kd7 8.
exd6 exd6 9. Ne5+ dxe5 10. Qxg4+ Kc7 11. O-O Qf6 12. Bb3 c4 13. Bxc4 Bc5 14.
b4 Bd6 15. Bb3 N8d7 16. Na3 a6 17. Nc4 Nxc4 18. Qxc4+ Kb8 19. d4 exd4 20.
cxd4 Nb6 21. Qd3 Bxb4 22. Be3 Nd7 23. d5 Bc5 24. Rac1 Bxe3 25. Qxe3 Nb6 26.
Rfd1 Ka7 27. a4 Rhe8 28. Qc5 Rac8 29. Qa3 Re2 30. Rf1 Rxc1 31. Qxc1 Qb2 32.
Qd1 Rd2 33. Qf3 Qd4 34. Qf7 Rb2 {Game drawn by mutual agreement} 1/2-1/2

[Event "ICC tourney 2049 (75 10)"]
[Site "Internet Chess Club"]
[Date "2020.10.11"]
[Round "5"]
[White "KnightowlCul8r"]
[Black "saanvichess"]
[Result "0-1"]
[ICCResult "White checkmated"]
[WhiteElo "1851"]
[BlackElo "1734"]
[Opening "French: advance, Paulsen attack"]
[ECO "C02"]
[NIC "FR.03"]
[Time "11:06:20"]
[TimeControl "4500+10"]

1. e4 e6 2. d4 d5 3. e5 c5 4. c3 Nc6 5. Nf3 Qb6 6. a3 Nh6 7. b4 cxd4 8. cxd4
Nf5 9. Be3 Bd7 10. Be2 Rc8 11. O-O Be7 12. g4 Nxe3 13. fxe3 O-O 14. h4 f6
15. exf6 Bxf6 16. g5 Be7 17. Bd3 Qc7 18. Kg2 e5 19. b5 e4 20. bxc6 exf3+ 21.
Rxf3 Qxc6 22. Nd2 Qe6 23. Rg3 Bd6 24. Bxh7+ Kxh7 25. Qh5+ Kg8 26. g6 Rf2+
27. Kxf2 Bxg3+ 28. Kg1 Qxe3+ 29. Kh1 Bf4 30. Nf3 Rc1+ 31. Rxc1 Qxc1+ 32. Ng1
Be6 33. Qh7+ Kf8 34. Qh8+ Ke7 35. Qxg7+ Ke8 36. Qh8+ Kd7 37. Qh7+ Kc6 38.
Qe7 Qe1 39. Qe8+ Kb6 40. Qd8+ Ka6 41. Kg2 Qg3+ 42. Kf1 Be3 43. Qf6 b6 44.
Ke2 Bg4+ 45. Nf3 Qf2+ 46. Kd3 Bxf3 47. Kc3 Qd2+ 48. Kb3 Bd1# {White
checkmated} 0-1

[Event "ICC tourney 2049 (75 10)"]
[Site "Internet Chess Club"]
[Date "2020.10.11"]
[Round "5"]
[White "orwind"]
[Black "adchess"]
[Result "0-1"]
[ICCResult "White resigns"]
[WhiteElo "1494"]
[BlackElo "1975"]
[Opening "Ruy Lopez: Berlin defense, 4.O-O"]
[ECO "C65"]
[NIC "RL.07"]
[Time "11:06:18"]
[TimeControl "4500+10"]

1. e4 e5 2. Nf3 Nc6 3. Bb5 Nf6 4. O-O Be7 5. d3 d6 6. h3 O-O 7. Be3 Be6 8.
Nc3 Na5 9. Ne2 c6 10. Ba4 b5 11. Bb3 Bd7 12. Qd2 Qc7 13. Ng3 c5 14. a3 Nxb3
15. cxb3 Be6 16. b4 c4 17. dxc4 bxc4 18. Rac1 h6 19. b3 Qb7 20. bxc4 Nxe4
21. Nxe4 Qxe4 22. Qc2 Qxc2 23. Rxc2 Rfc8 24. Rfc1 f6 25. Nd2 Rc7 26. f4 Rac8
27. fxe5 fxe5 28. c5 Bf5 29. Rc3 d5 30. Rb3 Bf6 31. Nf3 d4 32. Bf2 Rd7 33.
c6 Rd5 34. b5 e4 35. Ne1 e3 36. Bg3 d3 37. Rd1 d2 38. Kf1 Re8 39. Ke2
dxe1=Q+ 40. Bxe1 Rxd1 41. Kxd1 e2+ 42. Kd2 Bg5+ 43. Kc3 Re3+ 44. Kb4 Be7+
45. Ka4 Bc2 {White resigns} 0-1

[Event "ICC tourney 2049 (75 10)"]
[Site "Internet Chess Club"]
[Date "2020.10.11"]
[Round "5"]
[White "mlabudde"]
[Black "corviknight"]
[Result "1-0"]
[ICCResult "Black checkmated"]
[WhiteElo "2056"]
[BlackElo "1795"]
[Opening "QGD Slav: 4.e3 Bf5"]
[ECO "D12"]
[NIC "SL.01"]
[Time "11:06:36"]
[TimeControl "4500+10"]

1. d4 d5 2. c4 c6 3. Nf3 Nf6 4. e3 Bf5 5. Nc3 g6 6. Be2 Bg7 7. O-O O-O 8.
Bd2 dxc4 9. Bxc4 Bg4 10. Be2 Bxf3 11. Bxf3 Nbd7 12. Qc2 e5 13. Rfd1 Qe7 14.
b4 exd4 15. exd4 Qd6 16. Be3 Nb6 17. b5 Nbd5 18. bxc6 Qxc6 19. Bd2 Rac8 20.
Qb3 Rfd8 21. Nxd5 Nxd5 22. Rac1 Qd7 23. Rxc8 Rxc8 24. Bxd5 b6 25. Be3 Rd8
26. Bf3 Qf5 27. d5 Be5 28. Qa4 Bd6 29. Qe4 Qxe4 30. Bxe4 f5 31. Bf3 Kf7 32.
g3 Ke8 33. a4 Rd7 34. Rc1 Rd8 35. Bg5 Rb8 36. Rc6 Kd7 37. Rxd6+ Kxd6 38.
Bf4+ Kd7 39. Bxb8 a6 40. Be2 a5 41. Bb5+ Ke7 42. Bc7 Kf7 43. d6 Ke6 44. d7
Kd5 45. d8=Q+ Ke6 46. Bc4# {Black checkmated} 1-0

[Event "ICC tourney 2049 (75 10)"]
[Site "Internet Chess Club"]
[Date "2020.10.11"]
[Round "5"]
[White "goodcrowdchess"]
[Black "bg26723"]
[Result "1-0"]
[ICCResult "Black resigns"]
[WhiteElo "1624"]
[BlackElo "1874"]
[Opening "Caro-Kann: advance variation"]
[ECO "B12"]
[NIC "CK.04"]
[Time "11:06:24"]
[TimeControl "4500+10"]

1. e4 c6 2. d4 d5 3. e5 Bf5 4. Nf3 e6 5. Be2 c5 6. c3 Nc6 7. O-O cxd4 8.
cxd4 Nge7 9. Nc3 Bg4 10. Be3 Nf5 11. Qd2 Bb4 12. a3 Ba5 13. h3 Bxf3 14. Bxf3
Bb6 15. Ne2 O-O 16. Bg4 Nxe3 17. Qxe3 Re8 18. Rad1 Rc8 19. f4 Rc7 20. Kh2 a6
21. Nc3 Qb8 22. Rd3 Qa7 23. Rfd1 g6 24. Be2 Na5 25. R3d2 Nb3 26. Rd3 Na5 27.
R3d2 Rec8 28. g4 Nb3 29. Rd3 Na5 30. f5 Nc4 31. Qh6 Kh8 32. Rf3 Bxd4 33.
fxg6 Bxe5+ 34. Kh1 fxg6 35. Rf8+ {Black resigns} 1-0

[Event "ICC tourney 2049 (75 10)"]
[Site "Internet Chess Club"]
[Date "2020.10.11"]
[Round "5"]
[White "rmauskopf24"]
[Black "python0812"]
[Result "0-1"]
[ICCResult "White checkmated"]
[WhiteElo "1587"]
[BlackElo "2048"]
[Opening "Nimzo-Indian: 4.e3 c5"]
[ECO "E41"]
[NIC "NI.15"]
[Time "11:06:13"]
[TimeControl "4500+10"]

1. d4 Nf6 2. c4 e6 3. Nc3 Bb4 4. e3 c5 5. Nf3 b6 6. Bd3 O-O 7. Bd2 cxd4 8.
exd4 Ba6 9. O-O d5 10. b3 dxc4 11. bxc4 Nc6 12. Qa4 Nxd4 13. Ne5 Ba5 14. Ne4
Bxd2 15. Nxd2 Bb7 16. Rad1 Qc7 17. f4 Rfd8 18. Nb3 Nc6 19. Rfe1 Nxe5 20.
fxe5 Nd7 21. c5 Nxc5 22. Nxc5 Qxc5+ 23. Kh1 Qf2 24. Be4 Bxe4 25. Rxe4 Rd2
26. Rg1 Rxa2 27. Qc6 Rd8 28. Rc4 Qxg1+ 29. Kxg1 Rd1# {White checkmated} 0-1

[Event "ICC tourney 2049 (75 10)"]
[Site "Internet Chess Club"]
[Date "2020.10.11"]
[Round "5"]
[White "kaiclc"]
[Black "caratclownery"]
[Result "1-0"]
[ICCResult "Black checkmated"]
[WhiteElo "2026"]
[BlackElo "1866"]
[Opening "Sicilian: Nimzovich-Rossolimo attack (without ...d6)"]
[ECO "B30"]
[NIC "SI.31"]
[Time "11:06:08"]
[TimeControl "4500+10"]

1. e4 c5 2. Nf3 Nc6 3. Bb5 e6 4. Nc3 Nge7 5. d4 cxd4 6. Nxd4 a6 7. Nxc6 Nxc6
8. Bxc6 bxc6 9. Qd4 c5 10. Qc4 Be7 11. Bf4 O-O 12. Rd1 Bb7 13. O-O Bc6 14.
Bd6 Bxd6 15. Rxd6 Qa5 16. a3 Rab8 17. Rb1 Rfc8 18. f4 h6 19. f5 Re8 20. f6
gxf6 21. Qf1 Kg7 22. Rd3 Rg8 23. Rg3+ Kh7 24. Qxf6 Rxg3 25. hxg3 Rf8 26. Qe7
Kg7 27. Rf1 c4 28. Qf6+ Kh7 29. e5 Qb6+ 30. Kh2 Qxb2 31. Nd1 Qxc2 32. Ne3
Qe2 33. Qe7 Kg7 34. Rf4 h5 35. Qg5+ Kh8 36. Rh4 Bf3 37. g4 Bxg4 38. Nxg4 f5
39. Rxh5# {Black checkmated} 1-0

[Event "ICC tourney 2049 (75 10)"]
[Site "Internet Chess Club"]
[Date "2020.10.11"]
[Round "5"]
[White "dzchess01"]
[Black "Almanac2050"]
[Result "1-0"]
[ICCResult "Black resigns"]
[WhiteElo "1909"]
[BlackElo "1750"]
[Opening "French: Tarrasch, closed variation"]
[ECO "C05"]
[NIC "FR.16"]
[Time "11:06:02"]
[TimeControl "4500+10"]

1. e4 e6 2. d4 d5 3. Nd2 Nf6 4. e5 Nfd7 5. f4 c5 6. Ngf3 cxd4 7. Nxd4 Nc6 8.
N2f3 Be7 9. c3 Qb6 10. Bd3 Bc5 11. Bc2 a6 12. O-O f6 13. Kh1 Nd8 14. f5 O-O
15. Nxe6 Nxe6 16. Qxd5 Nxe5 17. Nxe5 fxe5 18. Bg5 Qc6 19. Bb3 Qxd5 20. Bxd5
Re8 21. Rae1 Bd6 22. b3 Kh8 23. fxe6 Bxe6 24. Bxb7 Ra7 25. Be4 a5 26. Be3
Rc7 27. Rd1 Be7 28. c4 a4 29. Bf5 Bxf5 30. Rxf5 Bf6 31. g4 Rc6 32. g5 axb3
33. axb3 Bxg5 34. Bxg5 h6 35. Be3 e4 36. Rfd5 Rcc8 37. c5 Rb8 38. c6
{Black resigns}
1-0

[Event "ICC tourney 2049 (75 10)"]
[Site "Internet Chess Club"]
[Date "2020.10.11"]
[Round "5"]
[White "JunlinTheWorld"]
[Black "ShadowApt"]
[Result "0-1"]
[ICCResult "White checkmated"]
[WhiteElo "1868"]
[BlackElo "2089"]
[Opening "Sicilian: Najdorf, Byrne (English) attack"]
[ECO "B90"]
[NIC "SI.14"]
[Time "11:06:34"]
[TimeControl "4500+10"]

1. e4 c5 2. Nf3 d6 3. d4 cxd4 4. Nxd4 Nf6 5. Nc3 a6 6. Be3 e5 7. Nb3 Be7 8.
Be2 Be6 9. Qd3 O-O 10. O-O Nc6 11. a3 Nd7 12. Rad1 f5 13. f3 f4 14. Bf2 Nf6
15. Nd5 Nxd5 16. exd5 Bf5 17. Qd2 Nb8 18. c4 Rf6 19. Bd3 Bd7 20. Be4 Rh6 21.
c5 Qe8 22. cxd6 Qh5 23. h3 Bd8 24. Bc5 Qg5 25. Kf2 b6 26. Bb4 Qg3+ 27. Ke2
Ba4 28. Qc3 Nd7 29. Rf2 a5 30. Bf5 axb4 31. Qxb4 Nc5 32. Bc2 Bh4 33. Rdf1
Bxb3 34. Bxb3 Rxd6 35. Kd2 Qg6 36. Bc2 Rxd5+ 37. Kc1 Qc6 38. Rd2 Rxd2 39.
Kxd2 Rd8+ 40. Ke2 Rd4 41. Qc3 Qb5+ 42. Bd3 Rxd3 43. Qc2 Rd8+ 44. Qc4+ Qxc4#
{White checkmated}
0-1

[Event "ICC tourney 2049 (75 10)"]
[Site "Internet Chess Club"]
[Date "2020.10.11"]
[Round "5"]
[White "andrewf2009"]
[Black "piplup0621"]
[Result "0-1"]
[ICCResult "White checkmated"]
[WhiteElo "1745"]
[BlackElo "1911"]
[Opening "Ruy Lopez: closed, anti-Marshall 8.a4"]
[ECO "C88"]
[NIC "RL.18"]
[Time "11:06:01"]
[TimeControl "4500+10"]

1. e4 e5 2. Nf3 Nc6 3. Bb5 a6 4. Ba4 Nf6 5. O-O Be7 6. Re1 b5 7. Bb3 O-O 8.
a4 d5 9. exd5 Na5 10. Ba2 e4 11. Nd4 c6 12. Nxc6 Nxc6 13. dxc6 Bg4 14. Re2
Bc5 15. b4 Bd4 16. c3 Bb6 17. Na3 Nh5 18. h3 Bxe2 19. Qxe2 Qh4 20. c4 Nf4
21. Qf1 Bd4 22. Rb1 Nd3 23. g3 Qxg3+ 24. Qg2 Qh4 25. Nc2 Nf4 26. Qh2 Bxf2+
27. Kf1 Bg3 28. Qh1 Qh5 29. Ne3 Qe2+ 30. Kg1 Qf2# {White checkmated} 0-1

[Event "ICC tourney 2049 (75 10)"]
[Site "Internet Chess Club"]
[Date "2020.10.11"]
[Round "5"]
[White "RhettLangseth"]
[Black "GutsyEdge"]
[Result "0-1"]
[ICCResult "White resigns"]
[WhiteElo "2051"]
[BlackElo "1974"]
[Opening "Queen's pawn: London system"]
[ECO "A45"]
[NIC "QP.07"]
[Time "11:06:16"]
[TimeControl "4500+10"]

1. d4 Nf6 2. Bf4 d5 3. e3 e6 4. c3 c5 5. Bd3 Bd6 6. Bg5 h6 7. Bh4 Nbd7 8.
Nf3 b6 9. Nbd2 Bb7 10. Qe2 Qc7 11. Bg3 Ne4 12. Bxd6 Qxd6 13. O-O O-O 14.
Rfd1 Qc7 15. Nf1 f5 16. N3d2 Ndf6 17. f3 Nd6 18. Ng3 Rae8 19. e4 fxe4 20.
fxe4 dxe4 21. Ndxe4 Ndxe4 22. Nxe4 Nxe4 23. Bxe4 Bxe4 24. Qxe4 e5 25. Qd5+
Kh8 26. dxc5 bxc5 27. Qd6 Qb7 28. Rd2 c4 29. Rad1 e4 30. Qd5 Qb6+ 31. Qd4
Qg6 32. Re1 Kh7 33. Rde2 Rf4 34. Qxc4 Qf5 35. g3 Rg4 36. Re3 h5 37. Rf1 Qg5
38. Qe2 h4 39. Kg2 Re6 40. c4 Rg6 41. Rxe4 Rxg3+ 42. Kf2 Rg2+ 43. Ke1 Rxe2+
44. Kxe2 Qg2+ {White resigns} 0-1

[Event "ICC tourney 2049 (75 10)"]
[Site "Internet Chess Club"]
[Date "2020.10.11"]
[Round "5"]
[White "tigertiger2019"]
[Black "Bearbarion"]
[Result "1/2-1/2"]
[ICCResult "Game drawn by repetition"]
[WhiteElo "1663"]
[BlackElo "1913"]
[Opening "QGD semi-Slav: accelerated Meran (Alekhine variation)"]
[ECO "D45"]
[NIC "SL.08"]
[Time "11:06:12"]
[TimeControl "4500+10"]

1. Nf3 Nf6 2. c4 c6 3. d4 d5 4. Nc3 e6 5. e3 a6 6. Bd3 dxc4 7. Bxc4 b5 8.
Bd3 c5 9. b3 Bb7 10. dxc5 Bxc5 11. Be2 Nbd7 12. Bb2 O-O 13. O-O Rc8 14. Rc1
Qb6 15. Rc2 Rfd8 16. Qc1 Ng4 17. Nd1 Be4 18. Rc3 b4 19. Rc4 Bxf3 20. Bxf3
Nge5 21. Bxe5 Nxe5 22. Rf4 Nd3 23. Qb1 Nxf4 24. exf4 Rd2 25. Be4 g6 26. g3
Rcd8 27. Bf3 Rc8 28. Be4 f5 29. Bd3 Rd8 30. Bc4 Qc6 31. Qa1 Qe4 32. Qf6 R8d6
33. Qe7 Rxd1 34. Qe8+ Kg7 35. Qe7+ Kg8 36. Qe8+ Kg7 37. Qe7+ Kh6 38. Qg5+
Kg7 39. Qe7+ Kg8 40. Qe8+ Kg7 41. Qe7+ Kg8 {Game drawn by repetition}
1/2-1/2